Map: Orbital Shipyard

Players

SendauTPeru

  • Race: Terran Terran
  • League: Master

MCanning - Winner!

  • Race: Protoss Protoss
  • League: Grandmaster

VOD

http://www.twitch.tv/mcanning/v/30690643

Description

Time

  • Played on: Dec. 19, 2015, 7:04 a.m.
  • Length: 11:20
Show
View Real Time Build Order
Export as new Build Order

SendauTPeru Terran 

Build Orders: Reaper Expand, MMM Bio 

Get SALT Encoding   

  12  0:01  SCV  
  13  0:13  SCV  
  14  0:18  Supply Depot  
  14  0:25  SCV  
  15  0:42  Barracks  
  15  0:44  SCV, Refinery  
  16  0:56  SCV  
  17  1:08  SCV  
  18  1:29  Reaper, Orbital Command  
  19  1:42  Command Center  
  19  1:52  Supply Depot  
  19  1:55  SCV  
  20  2:01  Barracks Reactor  
  20  2:07  SCV  
  21  2:11  Barracks  
  21  2:17  Refinery  
  21  2:20  SCV  
  22  2:31  Factory  
  22  2:33  SCV  
  23  2:45  SCV  
  23  2:48  Marine x2  
  26  2:59  Barracks Tech Lab  
  26  3:00  Orbital Command  
  26  3:01  Bunker  
  25  3:06  Marine x2  
  25  3:10  SCV  
  28  3:18  Starport  
  28  3:20  Factory Reactor  
  28  3:23  SCV  
  29  3:29  SCV  
  29  3:31  Stimpack  
  30  3:34  Marine  
  30  3:36  Marine  
  30  3:38  SCV  
  33  3:44  Supply Depot  
  33  3:47  Marauder  
  35  3:49  SCV  
  35  3:51  SCV  
  37  3:58  Marine x2  
  37  4:01  SCV  
  40  4:06  Factory Reactor, Medivac  
  40  4:07  SCV  
  42  4:12  Engineering Bay  
  42  4:14  SCV  
  45  4:17  Marauder  
  45  4:19  Marine x2  
  45  4:22  SCV  
  48  4:26  SCV  
  49  4:34  SCV, Medivac  
  49  4:36  Refinery  
  49  4:38  SCV  
  53  4:42  Marine  
  53  4:43  Barracks  
  54  4:45  Supply Depot  
  54  4:50  Supply Depot  
  54  5:06  Widow Mine x2  
  54  5:07  SCV, Marauder, Marine  
  54  5:12  SCV  
  63  5:19  SCV  
  63  5:20  Terran Infantry Weapons Level 1  
  64  5:23  Command Center  
  64  5:24  SCV  
  64  5:25  Refinery  
  64  5:26  Marine  
  64  5:28  Marine  
  67  5:29  Marauder  
  67  5:30  Barracks Tech Lab  
  67  5:31  SCV  
  70  5:36  Barracks  
  70  5:39  Combat Shields  
  70  5:48  Supply Depot  
  70  6:00  SCV  
  70  6:04  Marine  
  70  6:05  SCV  
  70  6:09  Medivac, Marine x2  
  70  6:10  Marauder  
  75  6:11  Medivac  
  75  6:13  SCV  
  78  6:21  Supply Depot  
  78  6:22  Supply Depot  
  78  6:24  Engineering Bay, Barracks  
  78  6:25  Concussive Shells  
  78  6:28  Armory  
  78  6:35  SCV x2, Marauder x2, Marine  
  85  6:42  Factory Reactor  
  85  6:47  SCV x2  
  85  6:50  Medivac x2  
  85  6:51  Marine  
  92  6:56  Marauder x2  
  92  6:58  Missile Turret  
  92  6:59  SCV  
  97  7:01  Missile Turret  
  97  7:02  Orbital Command  
  97  7:04  SCV  
  98  7:11  SCV  
  95  7:16  SCV  
  95  7:18  Marauder  
  96  7:23  SCV  
  89  7:31  Marine x2  
  89  7:32  Marauder  
  83  7:39  Marine  
  81  7:51  Marine x2  
  81  7:52  Marauder  
  81  7:53  Marauder  
  81  7:54  SCV  
  81  7:58  Marine x2  
  81  7:59  Medivac x2  
  81  8:02  Refinery  
  81  8:03  Command Center, SCV x2, Refinery  
  89  8:06  Barracks, Widow Mine x2  
  89  8:07  Barracks  
  89  8:08  Barracks Tech Lab  
  89  8:10  SCV  
  94  8:13  Marauder  
  94  8:18  Marauder, Marine x3  
  101  8:24  Marine  
  101  8:35  Marine, Marauder  
  101  8:36  SCV  
  101  8:39  Marauder, Marine x2  
  109  8:44  Terran Infantry Weapons Level 2  
  109  8:45  Terran Infantry Armor Level 1  
  109  8:47  Supply Depot  
  109  8:48  Supply Depot, Widow Mine x2  
  109  8:49  Marauder  
  109  8:50  SCV  
  109  8:52  Liberator  
  109  8:53  Liberator  
  109  8:55  SCV  
  117  9:09  Marauder x2, Marine  
  125  9:10  Marauder, Marine  
  125  9:16  SCV x3  
  130  9:18  Supply Depot  
  130  9:19  Barracks Reactor, Barracks Tech Lab  
  124  9:32  Marine  
  124  9:33  Marauder, Marine  
  124  9:37  SCV  
  125  9:43  Marine x2  
  125  9:44  Marauder  
  124  9:48  Missile Turret  
  124  9:52  Medivac  
  107  9:53  Medivac  
  107  9:57  Marauder, Marine x2  
  107  9:59  SCV x2  
  110  10:01  Marauder, Widow Mine x2, Marine  
  116  10:08  SCV  
  116  10:11  Marine x2  
  116  10:12  Marauder x2  
  116  10:13  SCV  
  124  10:20  Command Center, Marauder, Marine x4  
  129  10:23  SCV, Marauder  
  129  10:26  Medivac  
  129  10:27  Medivac  
  136  10:32  SCV  
  136  10:33  Marauder, Marine  
  140  10:39  Supply Depot  
  140  10:40  Command Center  
  140  10:42  Supply Depot  
  140  10:43  Supply Depot  
  140  10:44  Supply Depot  
  140  10:45  SCV  
  140  10:47  Marauder  
  134  10:51  SCV  
  135  11:00  Marine x5  
Show
View Real Time Build Order
Export as new Build Order

MCanning Protoss - Winner!

Build Orders: 1 Gate Expand, Blink Stalkers 

Get SALT Encoding   

  12  0:02  Probe (Chrono Boost)  
  13  0:12  Probe (Chrono Boost)  
  14  0:19  Pylon  
  14  0:23  Probe (Chrono Boost)  
  15  0:38  Probe (Chrono Boost)  
  15  0:41  Gateway  
  16  0:48  Probe (Chrono Boost)  
  17  0:55  Assimilator  
  17  0:59  Probe (Chrono Boost)  
  18  1:09  Probe (Chrono Boost)  
  19  1:20  Nexus  
  19  1:33  Cybernetics Core  
  19  1:34  Probe (Chrono Boost)  
  20  1:43  Assimilator  
  20  1:45  Probe (Chrono Boost)  
  21  1:55  Probe (Chrono Boost)  
  21  1:56  Pylon  
  22  2:06  Probe (Chrono Boost)  
  23  2:14  Adept  
  25  2:17  Mothership Core (Chrono Boost)  
  27  2:26  Warp Gate  
  27  2:32  Probe (Chrono Boost)  
  27  2:35  Probe (Chrono Boost)  
  29  2:41  Pylon  
  29  2:43  Probe (Chrono Boost)  
  30  2:45  Probe (Chrono Boost)  
  30  2:53  Probe (Chrono Boost)  
  30  2:56  Probe (Chrono Boost)  
  32  2:59  Twilight Council  
  32  3:04  Probe (Chrono Boost)  
  33  3:06  Probe (Chrono Boost)  
  34  3:14  Probe (Chrono Boost)  
  34  3:17  Probe (Chrono Boost)  
  36  3:25  Probe (Chrono Boost)  
  36  3:26  Gateway  
  37  3:27  Gateway, Probe (Chrono Boost)  
  37  3:30  Blink (Chrono Boost)  
  38  3:34  Probe (Chrono Boost)  
  38  3:38  Probe  
  40  3:44  Probe, Pylon  
  41  3:50  Probe  
  41  3:51  Sentry  
  41  3:54  Probe  
  41  3:55  Robotics Facility  
  44  4:02  Probe  
  46  4:03  Assimilator  
  46  4:05  Probe  
  46  4:08  Assimilator  
  47  4:14  Probe  
  47  4:16  Probe  
  48  4:17  Pylon  
  49  4:26  Probe x2  
  49  4:30  Forge  
  51  4:35  Stalker x2  
  51  4:37  Stalker  
  51  4:38  Probe  
  57  4:39  Probe  
  57  4:42  Observer (Chrono Boost)  
  60  4:50  Probe  
  60  4:51  Probe  
  60  4:52  Gateway  
  62  4:55  Gateway  
  62  4:57  Protoss Ground Armor Level 1 (Chrono Boost)  
  62  5:02  Probe  
  62  5:04  Pylon  
  62  5:06  Observer  
  64  5:18  Nexus  
  64  5:19  Pylon  
  64  5:21  Pylon  
  64  5:22  Probe  
  65  5:30  Probe  
  65  5:33  Observer (Chrono Boost), Robotics Bay  
  67  5:35  Pylon  
  67  5:39  Photon Cannon  
  67  5:42  Photon Cannon  
  67  5:44  Probe  
  72  6:02  Adept x3  
  76  6:05  Adept x2  
  76  6:12  Mothership Core (Chrono Boost)  
  76  6:13  Robotics Facility  
  76  6:15  Probe (Chrono Boost)  
  76  6:16  Pylon  
  79  6:22  Photon Cannon  
  79  6:25  Stalker x3  
  86  6:33  Probe (Chrono Boost)  
  86  6:39  Pylon  
  86  6:40  Probe (Chrono Boost)  
  86  6:42  Probe (Chrono Boost)  
  86  6:45  Probe (Chrono Boost)  
  86  6:46  Protoss Ground Weapons Level 1 (Chrono Boost)  
  89  6:49  Probe  
  89  6:51  Stalker x3  
  96  7:03  Disruptor (Chrono Boost)  
  96  7:07  Photon Cannon  
  99  7:08  Pylon  
  99  7:10  Photon Cannon  
  97  7:16  Adept  
  97  7:17  Adept x3  
  103  7:25  Adept  
  94  7:35  Disruptor (Chrono Boost)  
  94  7:37  Adept x3  
  97  7:44  Pylon  
  95  7:56  Probe  
  94  7:59  Stalker  
  94  8:00  Stalker x2  
  94  8:03  Pylon  
  94  8:04  Pylon  
  100  8:05  Disruptor (Chrono Boost)  
  100  8:07  Gateway  
  100  8:08  Probe  
  100  8:10  Gateway x2  
  100  8:11  Resonating Glaives (Chrono Boost)  
  100  8:12  Probe  
  104  8:14  Probe  
  106  8:20  Probe  
  106  8:25  Stalker x3  
  113  8:27  Probe  
  113  8:32  Probe  
  109  8:34  Stalker x2  
  109  8:38  Disruptor (Chrono Boost)  
  109  8:41  Assimilator  
  116  8:43  Assimilator  
  116  8:49  Protoss Ground Armor Level 2 (Chrono Boost)  
  116  8:50  Photon Cannon  
  116  8:52  Adept  
  118  9:01  Adept x3, Pylon  
  124  9:07  Probe  
  124  9:09  Probe  
  126  9:19  Stalker x2  
  126  9:21  Stalker x2  
  126  9:22  Stalker  
  136  9:31  Disruptor  
  136  9:37  Pylon  
  136  9:38  Pylon  
  139  9:49  Adept x2  
  139  9:50  Adept x3  
  143  10:06  Disruptor (Chrono Boost)  
  143  10:07  Stalker x3  
  152  10:19  Nexus  
  152  10:21  Pylon  
  152  10:25  Stalker x3  
  152  10:26  Stalker x2  
  162  10:30  Probe  
  163  10:38  Disruptor (Chrono Boost)  
  166  10:51  Pylon  
  166  10:58  Adept x2  
  166  10:59  Adept x5  
  166  11:02  Pylon  
  180  11:04  Pylon  
Tags
 
Add a new tag
Caveats
  • Supply blocks, unpowered buildings, or Contaminate may cause inaccurate times.
  • Supply counts are checked every 10 seconds.